 Dungeon Crawl Stone Soup version 0.31-a0-246-g8cbcc1cb85 (webtiles) character file.

Game seed: 4801055056155483477

739 gruber the Ruffian (level 7, -10/50 HPs)
             Began as a Demonspawn Shapeshifter on July 12, 2023.
             Killed by divine providence
             ... invoked by an orc priest
              (14 damage)
             ... on level 5 of the Dungeon.
             The game lasted 00:03:49 (3996 turns).

gruber the Ruffian (Demonspawn Shapeshifter)        Turns: 3996, Time: 00:03:49

Health: -10/50     AC:  8    Str: 18    XL:     7   Next: 46%
Magic:  16/16      EV: 12    Int:  9    God:
Gold:   166        SH:  0    Dex: 13    Spells: 6/6 levels left

rFire   . .          .
                       - Unarmed
rCold   + . .        (no shield)
rNeg    . . .        a - +0 animal skin
rPois   .            (helmet currently unavailable)
rElec   .            (cloak currently unavailable)
rCorr   .            (gloves currently unavailable)
SInv    .            (boots currently unavailable)
Will    .....        (no amulet)
Stlth   +            i - ring of protection from cold
HPRegen 1.28/turn    j - ring of magical power
MPRegen 0.30/turn

%: no passive effects
@: beast-form, sanguine armoured
A: beast (slay +1), antennae 2, powered by death 1, magic regeneration, sanguine
armour 1
a: no special abilities


You were on level 5 of the Dungeon.
You were a hulking beast.
You visited 1 branch of the dungeon, and saw 5 of its levels.

You collected 166 gold pieces.

Inventory:

Armour
 a - a +0 animal skin (worn)
Jewellery
 i - a ring of protection from cold (left hand)
 j - a ring of magical power (right hand)
Talismans
 c - a beast talisman
 v - a talisman of death
Scrolls
 e - a scroll of vulnerability {unknown}
 f - a scroll of revelation {unknown}
 l - 3 scrolls of identify {unknown}
 m - a scroll of teleportation {unknown}
 q - a scroll of blinking {unknown}
 u - a scroll of fear {unknown}
Potions
 b - 2 potions of lignification
 d - a potion of curing {unknown}
 g - 2 potions of might {unknown}
 h - 2 potions of degeneration {unknown}
 k - 2 potions of invisibility {unknown}
 n - 2 potions of haste {unknown}
 o - a potion of enlightenment {unknown}
 p - a potion of heal wounds {unknown}
 r - a potion of ambrosia {unknown}
 s - a potion of berserk rage {unknown}
 t - a potion of mutation {unknown}


   Skills:
 - Level 2.0 Fighting
 - Level 1.7 Dodging
 * Level 7.8 Unarmed Combat
 - Level 2.7 Shapeshifting


You had 6 spell levels left.
You didn't know any spells.
Your spell library contained the following spells:

 Spells                   Type           Power      Damage    Failure   Level
 Volatile Blastmotes      Fire/Tloc      0%         2d10      77%         3
 Fulminant Prism          Conj/Hex       0%         3d5       99%         4
 Iskenderun's Mystic Bla  Conj/Tloc      0%         2d3       99%         4


Dungeon Overview and Level Annotations

Branches:
Dungeon (5/15)
 Temple: D:4-7

Altars:
Nemelex Xobeh

Shops:
D:2 [:([

Annotations:
D:4 1 transporter


Innate Abilities, Weirdness & Mutations

You are a hulking beast.
Your limbs bulge with bestial killing power. (Slay +1)
You have a pair of antennae on your head.
You regenerate a little health from kills.
You regenerate magic rapidly.
When seriously injured, your blood forms armour. (AC +6)


Message History

The orc wizard casts a spell at you. The magic dart hits you!
Your blood congeals into armour.
You bump into the rock wall.
The orc wizard casts a spell.
The orc wizard flickers and vanishes!
Deactivating autopickup; reactivate with Ctrl-A.
You hear some strange, mumbled words.
A puff of flame appears from out of thin air!
The puff of flame hits you but does no damage.
The orc priest calls down the wrath of Beogh upon you.
Beogh smites you! Something hits you but does no damage.
You hit something but do no damage. Something hits you.
You bump into the rock wall.
You hear some strange, mumbled words.
You are more confused.
You bump into the rock wall.
Something hits you but does no damage.
You bump into the rock wall.
You hear some strange, mumbled words.
A magic dart appears from out of thin air!
The magic dart hits you!
* * * LOW HITPOINT WARNING * * *
You bump into the rock wall.
Something hits you but does no damage.
You're too confused to move!
Something barely misses you.
You closely miss something. Your punch misses something.
You feel less confused. Something hits you.
* * * LOW HITPOINT WARNING * * *
You miss something. You punch something. You barely miss something.
You hear some strange, mumbled words.
A puff of flame appears from out of thin air!
The puff of flame hits you!
* * * LOW HITPOINT WARNING * * *
You punch something!
Reactivating autopickup.
You feel a bit more experienced.
The orc priest invokes the aid of Beogh against you.
Beogh smites you!
You die...

########.# #.. ...[...#.##
#.# #####....... #.#
#...(.....## #.#
#.#######.# ##. #[# #.# #.#
... #.# #)# #.# ... #.# #.#
#.# . ##.# #h# #.# #.# h..
..# #o# #.# #.# #..# #.#
#.# #.#######.#
#....#$#####o#####.........
#...oo.................##
####.#####.......#######
.h.# #.####### ##### #.#
#.#


You could see an orc priest and an orc.

Vanquished Creatures
  Sigmund (D:4)
  2 black bears
  A scorpion (D:5)
  2 orc priests
  3 orc wizards
  Natasha (D:4)
  6 gnolls
  5 adders
  A white imp (D:5)
  A worm (D:3)
  A dart slug (D:1)
  10 orcs
  9 endoplasms
  4 giant cockroaches
  10 goblins
  5 hobgoblins
  5 jackals
  6 kobolds
  5 quokkas
  8 ball pythons
  5 bats
  3 frilled lizards
  2 rats
96 creatures vanquished.

Notes
Turn   | Place    | Note
-------+----------+-------------------------------------------
     0 | D:1      | gruber the Demonspawn Shapeshifter began the quest for the
                  | Orb.
     0 | D:1      | Reached XP level 1. HP: 16/16 MP: 1/1
   106 | D:1      | Reached skill level 2 in Unarmed Combat
   235 | D:1      | Found a faded altar of an unknown god.
   272 | D:1      | Gained mutation: You have a pair of small antennae on your
                  | head. [demonic ancestry]
   272 | D:1      | Reached XP level 2. HP: 9/22 MP: 2/2
   553 | D:1      | Reached skill level 3 in Unarmed Combat
   649 | D:1      | Gained mutation: You have a pair of antennae on your head.
                  | [demonic ancestry]
   649 | D:1      | Reached XP level 3. HP: 27/27 MP: 3/3
  1017 | D:2      | Found Azaiprae's Book Boutique.
  1020 | D:2      | Identified the +1 cloak of Uskayaw's Fury {Rampage Drain
                  | rC+++ rN+}
  1215 | D:2      | Found Doecoebi's Book Boutique.
  1219 | D:2      | Reached skill level 4 in Unarmed Combat
  1219 | D:2      | Gained mutation: You regenerate magic rapidly. [demonic
                  | ancestry]
  1219 | D:2      | Reached XP level 4. HP: 30/33 MP: 4/4
  1408 | D:2      | Found Leluc's Weapon Shoppe.
  1472 | D:2      | Found Wounun's Antique Armour Boutique.
  1637 | D:2      | Found Hikhorph's Antique Armour Shoppe.
  1798 | D:3      | Gained mutation: You regenerate a little health from kills.
                  | [demonic ancestry]
  1798 | D:3      | Reached XP level 5. HP: 14/38 MP: 5/5
  2218 | D:3      | Reached skill level 5 in Unarmed Combat
  2502 | D:4      | Noticed a black bear
  2513 | D:4      | Killed a black bear
  2514 | D:4      | Gained mutation: When seriously injured, your blood forms
                  | armour. (AC +6) [demonic ancestry]
  2514 | D:4      | Reached XP level 6. HP: 10/44 MP: 6/6
  2783 | D:4      | Found a sparkling altar of Nemelex Xobeh.
  3061 | D:4      | Reached skill level 6 in Unarmed Combat
  3153 | D:4      | Noticed Natasha
  3154 | D:4      | Noticed Sigmund
  3167 | D:4      | Killed Natasha
  3179 | D:4      | Killed Sigmund
  3457 | D:4      | Found a transporter.
  3461 | D:4      | Noticed an ice beast
  3461 | D:4      | Noticed an ice beast
  3461 | D:4      | Noticed an ice beast
  3461 | D:4      | Noticed an ice beast
  3502 | D:4      | Reached XP level 7. HP: 28/50 MP: 7/7
  3505 | D:4      | Reached skill level 7 in Unarmed Combat
  3770 | D:5      | Entered Level 5 of the Dungeon
  3996 | D:5      | Killed from afar by an orc priest

Illustrated notes

Levels and vault maps discovered:
D:1:      dpeg_arrival_rooms_b, layout_loops_cross,
          hellmonk_ecumenical_altar_run_dry
D:2:      layout_rooms, serial_shops, nicolae_shop_just_a_little_nook, shop,
          nicolae_book_shop_shelving, shop, shop
D:3:      layout_loops_cross, elyvilon_altar_5, dreamdust_wishing_well
D:4:      gammafunk_cloud_chamber, layout_layer_cave,
          nemelex_spade_bored_becter, uniq_natasha, uniq_sigmund
D:5:      layout_loops_ring, corexii_leaking_fountain, minmay_ogre_servants,
          uniq_menkaure

Skill      XL: |  1  2  3  4  5  6  7 |
---------------+----------------------+-----
Unarmed Combat | 2 3 4 5 6 7 |  7.8
Fighting       | |  2.0
Dodging        | |  1.7
Shapeshifting  | |  2.7

Action                     |  1- 3 |  4- 6 |  7- 9 || total
---------------------------+-------+-------+-------++-------
  Melee: Unarmed           |    96 |   127 |    55 ||   278
         Punch             |     1 |     6 |     4 ||    11
   Stab: Sleeping          |     2 |       |       ||     2
 Armour: Animal skin       |    14 |    13 |    10 ||    37
  Dodge: Dodged            |    54 |    64 |    26 ||   144

Table legend: (Time is in decaauts)
 A = Elapsed time spent in this place.
 B = Non-inter-level travel time spent in this place.
 C = Inter-level travel time spent in this place.
 D = Time resting spent in this place.
 E = Time spent auto-exploring this place.
 F = Levels seen in this place.
 G = Mean time per level.
                   A        B        C        D        E       F      G
               +--------+--------+--------+--------+--------+-----+--------+
         Total |   3966 |   3837 |    129 |     91 |   3172 |   5 |  793.2 |
       Dungeon |   3966 |   3837 |    129 |     91 |   3172 |   5 |  793.2 |
               +--------+--------+--------+--------+--------+-----+--------+

Top non-repeatable levels by time:
     D:4: 1396 daAuts
     D:1: 935 daAuts
     D:2: 762 daAuts
     D:3: 653 daAuts
     D:5: 219 daAuts
